 Dungeon Crawl Stone Soup version 0.18-a0-455-gc7d4c65 (webtiles) character file.

72 M4edhros the Charlatan (level 4, -4/28 HPs)
             Began as an Octopode Artificer on Dec 1, 2015.
             Slain by an orc
             ... wielding a +0 mace
              (8 damage)
             ... on level 3 of the Dungeon.
             The game lasted 00:01:43 (1080 turns).

M4edhros the Charlatan (Octopode Artificer)         Turns: 1080, Time: 00:01:43

Health: -4/28      AC:  1    Str: 10    XL:     4   Next: 26%
Magic:  7/7        EV: 12    Int: 15    God:
Gold:   18         SH:  0    Dex: 12    Spells: 0 memorised, 3 levels left

rFire  . . .     SeeInvis .     l - +0 mace (curse)
rCold  . . .     Clarity  .     (no shield)
rNeg   . . .     SustAt   .     (helmet restricted)
rPois  .         Gourm    .     (no amulet)
rElec  .         Spirit   .     (no ring)
rCorr  .         Dsmss    .     (no ring)
rMut   .         Stasis   .     (no ring)
MR     .....                    (no ring)
Stlth  ++++......               (no ring)
                                (no ring)
                                (no ring)
                                (no ring)

@: not resistant to hostile enchantments, stealthy
A: almost no armour, amphibious, 8 rings, constrict 8, camouflage 1, gelatinous
body 1
a: no special abilities


You were on level 3 of the Dungeon.
You were hungry.

You visited 1 branch of the dungeon, and saw 3 of its levels.

You collected 18 gold pieces.

Inventory:

Hand Weapons
 a - a +0 short sword
 l - a cursed +0 mace (weapon)
Missiles
 j - 34 stones (quivered)
 k - 24 sling bullets
Wands
 b - a wand of flame (15)
 c - a wand of enslavement (12)
 d - a wand of random effects (15)
Scrolls
 o - a scroll of blinking {unknown}
Potions
 f - a potion of curing
 g - a potion of lignification {unknown}
 h - a potion of brilliance {unknown}
 m - a potion of cancellation {unknown}
 n - a potion of beneficial mutation {unknown}
Comestibles
 e - 2 bread rations
 i - a meat ration


   Skills:
 - Level 1.0 Fighting
 - Level 1.0 Short Blades
 - Level 2.0 Dodging
 + Level 3.8 Stealth
 + Level 4.6 Evocations


You had 3 spell levels left.
You didn't know any spells.

Dungeon Overview and Level Annotations

Branches:
Dungeon (3/15)

Altars:

Annotations:
D:3 Alethiolet's ghost, amateur SpVM


Innate Abilities, Weirdness & Mutations

You cannot wear most types of armour.
You are amphibious.
You can wear up to eight rings at the same time.
You can use your tentacles to constrict eight enemies at once.
Your skin changes colour to match your surroundings (Stealth).
Your rubbery body absorbs attacks (AC +1).


Message History

A gnoll comes into view. It is wielding a halberd.
A goblin and a gnoll come into view.
The gnoll shouts! 2 gnolls come into view.
You closely miss the rat.
The gnoll shouts! x2
The orc shouts!
You grab the rat. You constrict the rat.
You kill the rat!
The orc hits you with a mace.
A giant newt comes into view.
The gnoll shouts!
You hit the orc. You grab the orc.
The orc is heavily wounded.
You constrict the orc.
The gnoll hits you from afar with a halberd!!
Ouch! That really hurt!
* * * LOW HITPOINT WARNING * * *
The goblin hits you but does no damage. The orc hits you with a mace!
You die...

# # ###........
# .........#.#
# ##........#.#
# #...........l
# #........g#..
# #........gg.#
# #...og..##.#
# #...@.g....#
####.
####.......##..
......
.....#.....##..
......
.........%.....
......
.....##........
####..
####......###..
. #####.......#
#.# #.#######
## #.##.#


You could see 4 gnolls, an orc, a goblin and a giant newt.

Vanquished Creatures
  3 adders
  An ooze (D:2)
  A worm (D:2)
  3 giant geckos
  An orc (D:2)
  A giant cockroach (D:1)
  3 goblins
  5 hobgoblins
  3 jackals (D:2)
  3 kobolds
  A bat (D:3)
  A giant newt (D:2)
  5 rats
31 creatures vanquished.

Vanquished Creatures (collateral kills)
  A giant newt (D:2)
  A kobold (D:2)
2 creatures vanquished.

Vanquished Creatures (others)
  An adder (D:2)
1 creature vanquished.

Grand Total: 34 creatures vanquished

Notes
Turn   | Place    | Note
--------------------------------------------------------------
     0 | D:1      | M4edhros the Octopode Artificer began the quest for the Orb.
     0 | D:1      | Reached XP level 1. HP: 13/13 MP: 3/3
   251 | D:1      | Reached XP level 2. HP: 16/18 MP: 4/4
   318 | D:2      | Reached skill level 4 in Evocations
   388 | D:2      | Reached XP level 3. HP: 11/23 MP: 6/6
   740 | D:3      | Reached XP level 4. HP: 13/28 MP: 7/7
   927 | D:3      | Noticed Alethiolet's ghost (amateur SpVM)
  1080 | D:3      | Slain by an orc

Vault maps used:
D:1:      saegor_arrival_simple_d
D:2:      uniq_jessica
D:3:      grunt_temple_overflow_magic_moments,
          nicolae_overflow_quartered_altars, first_bread, uniq_grinder

Action                   |  1- 3 |  4- 6 || total
-------------------------+-------+-------++-------
Melee: Short sword       |    35 |       ||    35
       Mace              |    16 |    17 ||    33
Evoke: Wand              |     3 |       ||     3
  Use: Scroll            |     2 |       ||     2
 Stab: Sleeping          |     4 |       ||     4
